 Dungeon Crawl Stone Soup version 0.19-a0-1879-gd95bc26 (webtiles) character file.

55 Minion the Skirmisher (level 3, -4/29 HPs)
             Began as a Mummy Fighter on Oct 14, 2016.
             Slain by a hobgoblin
             ... wielding a +0 club
             ... led by Robin
              (5 damage)
             ... on level 2 of the Dungeon.
             The game lasted 00:02:26 (1148 turns).

Minion the Skirmisher (Mummy Fighter)               Turns: 1148, Time: 00:02:27

Health: -4/29      AC:  7    Str: 19    XL:     3   Next: 67%
Magic:  3/3        EV:  7    Int:  7    God:
Gold:   61         SH:  9    Dex: 12    Spells: 0 memorised, 2 levels left

rFire  x . .     SeeInvis .     a - +0 war axe
rCold  + . .     Gourm    .     b - +0 scale mail
rNeg   + + +     Faith    .     c - +0 shield
rPois  ∞         Spirit   .     e - +0 helmet
rElec  .         Dismiss  .     (no cloak)
rCorr  .         Reflect  .     (no gloves)
MR     .....     Harm     .     (no boots)
Stlth  ..........               (no amulet)
                                (no ring)
                                (no ring)

@: no status effects
A: no food or potions, fire vulnerability, cold resistance 1, negative energy
resistance 3, torment resistance, unbreathing
a: no special abilities


You were on level 2 of the Dungeon.
You were not hungry.

You visited 1 branch of the dungeon, and saw 2 of its levels.

You collected 61 gold pieces.

Inventory:

Hand Weapons
 a - a +0 war axe (weapon)
Armour
 b - a +0 scale mail (worn)
 c - a +0 shield (worn)
 e - a +0 helmet (worn)
Scrolls
 d - a scroll of enchant weapon {unknown}
 f - a scroll of remove curse {unknown}
 g - a scroll of enchant armour {unknown}


   Skills:
 + Level 3.3 Fighting
 * Level 2.3 Axes
 + Level 2.7 Armour
 + Level 2.9 Shields


You had 2 spell levels left.
You didn't know any spells.

Dungeon Overview and Level Annotations

Branches:
Dungeon (2/15)

Altars:

Annotations:
D:2 Robin


Innate Abilities, Weirdness & Mutations

You do not eat or drink.
Your flesh is vulnerable to fire.
You are immune to poison.
Your flesh is cold resistant. (rC+)
You are immune to negative energy. (rN+++)
You are immune to unholy pain and torment.
You can survive without breathing.


Message History

The goblin hits you but does no damage. x2
You closely miss the goblin.
The goblin is severely wounded.
The goblin no longer looks unusually strong.
You block the goblin's attack.
You closely miss the goblin.
The goblin is severely wounded.
Robin throws the goblin at you!
* * * LOW HITPOINT WARNING * * *
The goblin hits you but does no damage. The goblin barely misses you.
Robin roars a battlecry!
The goblin goes into a battle-frenzy!
Unknown command.
You hit the goblin.
You kill the goblin!
You hit the goblin. The goblin hits you but does no damage.
The hobgoblin hits you but does no damage.
You closely miss the hobgoblin. You barely miss the goblin.
The goblin hits you but does no damage. The hobgoblin hits you with a club.
You die...

#######)####### #(#
###g### #.g...# #.(...#
### #.....# #.#.#
#.....#
#.#.#######g....#
#.#.....g@gg....#
#.#.############# #.#.#
#.....#
########.#.###.###.####
.........#............#
.....<.....###.###....#
...........)÷....#....#
##########.###.#.#....#
#......#.#.#....#


You could see Robin, a hobgoblin and 2 goblins.

Vanquished Creatures
  A gnoll (D:1)
  2 dart slugs
  4 bats
  A giant cockroach (D:1)
  5 hobgoblins
  3 kobolds (D:1)
  A quokka (D:2)
  2 ball pythons (D:1)
  A frilled lizard (D:1)
  11 goblins
  8 rats
39 creatures vanquished.

Notes
Turn   | Place    | Note
-------+----------+-------------------------------------------
     0 | D:1      | Minion the Mummy Fighter began the quest for the Orb.
     0 | D:1      | Reached XP level 1. HP: 18/18 MP: 1/1
   271 | D:1      | Reached XP level 2. HP: 24/24 MP: 2/2
   652 | D:1      | You fall through a shaft!
   672 | D:2      | Reached XP level 3. HP: 15/29 MP: 3/3
  1114 | D:2      | Noticed Robin
  1146 | D:2      | HP: 1/29 [Robin/goblin (1)]
  1148 | D:2      | Slain by a hobgoblin

Vault maps used:
D:1:      kilobyte_arrival_exit_the_forest
D:2:      first_bread, kennysheep_generic_room_8, uniq_terence, uniq_robin,
          uniq_crazy_yiuf_cottage

Skill      XL: |  1  2 |
---------------+-------+-----
Axes           | 2 |  2.3
Fighting       | |  3.3
Armour         | |  2.7
Shields        | |  2.9

Action                   || total
-------------------------++-------
Melee: War axe           ||   118
Armor: Scale mail        ||    64
Dodge: Dodged            ||    31
Block: Shield            ||    51
